 Dungeon Crawl Stone Soup version 0.29.1-12-g30fa7ad0bf (webtiles) character file.

Game seed: 1482454931055442322

466969 LustLizard the Wrestler (level 23, -1/299 HPs)
             Began as a Troll Monk on Jan 15, 2023.
             Was the Champion of Wu Jian.
             Killed from afar by a starcursed mass (7 damage)
             ... with an accursed screaming
             ... on level 4 of the Abyss.
             The game lasted 02:25:59 (53861 turns).

LustLizard the Wrestler (Troll Monk)               Turns: 53861, Time: 02:26:00

Health: -1/299     AC: 34    Str: 23    XL:     23   Next: 46%
Magic:  11/15      EV: 18    Int: 22    God:    Wu Jian [******]
Gold:   3393       SH: 26    Dex: 15    Spells: 23/29 levels left

rFire   + . .      SeeInvis +     - Unarmed
rCold   + . .      Faith    .   M - +9 kite shield of Makhleb's Envy {rCorr Str-4 Slay+2}
rNeg    + + .      Spirit   .   (body armour currently unavailable)
rPois   ∞          Reflect  +   u - +3 crown of Dyrovepreva {rElec Int+2 SInv}
rElec   +          Harm     .   I - +2 cloak {Will+}
rCorr   +          Rampage  .   (gloves unavailable)
Will    +++..                   (boots unavailable)
Stlth   +.........              T - amulet of Hozaniy {Reflect +Inv Fly rCorr Dex+3 SH+5}
HPRegen 0.00/turn               A - ring "Kuponuq" {rN+ EV+4 Int+5}
MPRegen 0.14/turn               L - ring of Boogefieh {rF+ rC+ Will+ MP-9 Int+3}

@: on fire, statue-form, on berserk cooldown, sick, flying, glowing, studying 4
skills, very slow
A: slow and powerful, torment resistance 1, boosted hp, large, unfitting armour,
claws 3, regeneration 1, (shaggy fur 1), (tough skin 1), deterioration 1, low MP
1
}: 2/15 runes: barnacled, gossamer
a: End Transformation, Renounce Religion, Evoke Invisibility, Wall Jump,
Serpent's Lash, Heavenly Storm


You were on level 4 of the Abyss.
You worshipped Wu Jian.
Wu Jian was exalted by your worship.
You were a living statue of rough stone.
You visited 9 branches of the dungeon, and saw 43 of its levels.
You visited the Abyss 2 times.
You also visited: Ossuary, Bailey, Gauntlet, Ice Cave, Volcano and Wizlab.

You collected 7435 gold pieces.
You spent 4042 gold pieces at shops.

Inventory:

Hand Weapons
 i - the +8 morningstar "Jaggio" {vorpal, rC+ Str+6}
   (You took it off a minotaur in a Gauntlet)

   It inflicts extra damage upon your enemies.
   Str:       It affects your strength (+6).
   rC:        It protects you from cold.
Missiles
 d - 4 throwing nets
 h - 48 poisoned darts
 x - 63 boomerangs (quivered)
 V - 3 curare-tipped darts
Armour
 o - +6 swamp dragon scales (melded)
 u - the +3 crown of Dyrovepreva (worn) {rElec Int+2 SInv}
   (You bought it in a shop on level 2 of the Vaults)

   Int:       It affects your intelligence (+2).
   rElec:     It insulates you from electricity.
   SInv:      It lets you see invisible.
 I - a +2 cloak of willpower (worn)
 M - the +9 kite shield of Makhleb's Envy (worn) {rCorr Str-4 Slay+2}
   (You acquired it in a bailey)

   Str:       It affects your strength (-4).
   Slay:      It affects your accuracy & damage with ranged weapons and melee
   (+2).
   rCorr:     It protects you from acid and corrosion.
 W - +0 gold dragon scales
Jewellery
 c - a ring of protection from fire
 A - the ring "Kuponuq" (left claw) {rN+ EV+4 Int+5}
   (You bought it in a shop on level 2 of the Orcish Mines)

   [ring of evasion]

   EV:        It affects your evasion (+4).
   Int:       It affects your intelligence (+5).
   rN:        It protects you from negative energy.
 L - the ring of Boogefieh (right claw) {rF+ rC+ Will+ MP-9 Int+3}
   (You found it on level 2 of the Shoals)

   [ring of protection from fire]

   Int:       It affects your intelligence (+3).
   rF:        It protects you from fire.
   rC:        It protects you from cold.
   MP:        It affects your magic capacity (-9).
   Will:      It increases your willpower.
 N - the ring of Maezagui {Ice rElec rPois rN+ MP-9 Str+4}
   (You took it off Josephina on level 1 of the Depths)

   [ring of ice]

   It enhances your ice magic.
   Str:       It affects your strength (+4).
   rF:        It makes you vulnerable to fire.
   rC:        It protects you from cold.
   rElec:     It insulates you from electricity.
   rPois:     It protects you from poison.
   rN:        It protects you from negative energy.
   MP:        It affects your magic capacity (-9).
 T - the amulet of Hozaniy (around neck) {Reflect +Inv Fly rCorr Dex+3 SH+5}
   (You found it in a Gauntlet)

   [amulet of reflection]

   It reflects blocked missile attacks.
   Dex:       It affects your dexterity (+3).
   +Inv:      It lets you turn invisible.
   Fly:       It grants you flight.
   rCorr:     It protects you from acid and corrosion.
   SH:        It affects your SH (+5).
 U - the ring of the Trilobite {Ice Str+4}
   (You found it in a Gauntlet)

   [ring of ice]

   It enhances your ice magic.
   Str:       It affects your strength (+4).
   rF:        It makes you vulnerable to fire.
   rC:        It protects you from cold.
Wands
 k - a wand of polymorph (4)
 t - a wand of roots (49)
 v - a wand of digging (16)
 H - a wand of flame (59)
 O - a wand of mindburst (20)
 Q - a wand of charming (25)
 R - a wand of light (9)
Scrolls
 g - 8 scrolls of blinking
 m - 6 scrolls of fear
 q - 5 scrolls of poison
 s - 9 scrolls of immolation
 w - 17 scrolls of teleportation
 y - 7 scrolls of fog
 B - 6 scrolls of magic mapping
 F - a scroll of silence
 J - 3 scrolls of summoning
 K - 3 scrolls of enchant weapon
 P - 22 scrolls of identify
Potions
 a - 2 potions of invisibility
 b - 3 potions of lignification
 e - 3 potions of resistance
 l - 15 potions of curing
 n - a potion of magic
 p - 4 potions of might
 r - 5 potions of cancellation
 C - 7 potions of brilliance
 D - 10 potions of haste
 E - 7 potions of mutation
 G - 8 potions of attraction
 X - 12 potions of ambrosia
 Y - 4 potions of heal wounds
Miscellaneous
 f - a tin of tremorstones (2/2)
 j - a phantom mirror
 z - a lightning rod (4/4)
 S - a phial of floods
 Z - a box of beasts


   Skills:
 + Level 13.8 Fighting
 - Level 3.2 Throwing
 - Level 4.0 Armour
 + Level 10.5 Dodging
 - Level 1.0 Stealth
 + Level 13.8 Shields
 * Level 21.8 Unarmed Combat
 - Level 3.6 Spellcasting
 * Level 15.2 Transmutations
 * Level 17.9 Earth Magic
 - Level 7.1 Evocations


You had 23 spell levels left.
You knew the following spells:

 Your Spells              Type           Power      Damage    Failure   Level
a - Statue Form           Tmut/Erth      44%        N/A       3%          6

Your spell library contained the following spells:

 Spells                   Type           Power      Damage    Failure   Level
 Sting                    Tmut/Pois      100%       1d8       1%          1
 Wereblood                Tmut           63%        N/A       1%          2
 Blade Hands              Tmut           31%        N/A       1%          5
 Lee's Rapid Deconstruct  Erth           35%        3d19*     1%          5
 Leda's Liquefaction      Hex/Erth       21%        N/A       4%          4
 Ignite Poison            Fire/Tmut/Pois 26%        N/A       7%          3
 Ice Form                 Ice/Tmut       37%        N/A       9%          4
 Apportation              Tloc           8%         N/A       19%         1
 Magic Dart               Conj           16%        1d3       19%         1
 Shock                    Conj/Air       16%        1d4       19%         1
 Slow                     Hex            16%        N/A       19%         1
 Summon Small Mammal      Summ           16%        N/A       19%         1
 Alistair's Intoxication  Tmut/Pois      24%        N/A       22%         5
 Blink                    Tloc           8%         N/A       28%         2
 Call Imp                 Summ           4%         N/A       28%         2
 Ensorcelled Hibernation  Hex/Ice        8%         N/A       28%         2
 Poisonous Vapours        Pois/Air       8%         N/A       28%         2
 Static Discharge         Conj/Air       4%         3-4/arc   28%         2
 Sublimation of Blood     Necr           4%         N/A       28%         2
 Call Canine Familiar     Summ           4%         N/A       50%         3
 Confusing Touch          Hex            4%         N/A       50%         3
 Conjure Flame            Conj/Fire      4%         6-21      50%         3
 Frozen Ramparts          Ice            8%         1d2       50%         3
 Inner Flame              Hex/Fire       4%         N/A       50%         3
 Lesser Beckoning         Tloc           4%         N/A       50%         3
 Mephitic Cloud           Conj/Pois/Air  4%         N/A       50%         3
 Ozocubu's Armour         Ice            4%         N/A       50%         3
 Portal Projectile        Hex/Tloc       8%         N/A       50%         3
 Summon Guardian Golem    Hex/Summ       4%         N/A       50%         3
 Vampiric Draining        Necr           4%         2d6       50%         3
 Iron Shot                Conj/Erth      21%        9d5       58%         6
 Eringya's Noxious Bog    Tmut/Pois      18%        N/A       77%         6
 Anguish                  Hex/Necr       2%         N/A       88%         4
 Corpse Rot               Necr/Pois/Air  4%         N/A       88%         4
 Dispel Undead            Necr           4%         3d7       88%         4
 Iskenderun's Mystic Bla  Conj/Tloc      4%         2d3       88%         4
 Sticky Flame             Conj/Fire      4%         2d3       88%         4
 Summon Ice Beast         Ice/Summ       4%         N/A       88%         4
 Fireball                 Conj/Fire      2%         3d4       99%         5
 Iskenderun's Battlesphe  Conj           4%         2d6       99%         5
 Summon Forest            Summ/Tloc      2%         N/A       99%         5
 Conjure Ball Lightning   Conj/Air       2%         3x3d6     100%        6
 Dispersal                Tloc           2%         N/A       100%        6
 Enfeeble                 Hex            2%         N/A       100%        7
 Malign Gateway           Summ/Tloc      2%         N/A       100%        7
 Orb of Destruction       Conj           2%         9d5       100%        7
 Ozocubu's Refrigeration  Ice            2%         4d7       100%        7
 Spellforged Servitor     Conj/Summ      2%         N/A       100%        7
 Summon Hydra             Summ           2%         N/A       100%        7
 Borgnjor's Revivificati  Necr           2%         N/A       100%        8
 Discord                  Hex            2%         N/A       100%        8
 Disjunction              Tloc           2%         N/A       100%        8
 Summon Horrible Things   Summ           2%         N/A       100%        8


Dungeon Overview and Level Annotations

Branches:
Dungeon (15/15)            Temple (1/1) D:7            Lair (5/5) D:8
 Shoals (4/4) Lair:2       Spider (4/4) Lair:2        Slime (0/5) Lair:4
    Orc (2/2) D:10            Elf (3/3) Orc:2        Vaults (5/5) D:13
  Crypt (0/3) Vaults:3     Depths (4/4) D:15            Zot (0/5) Depths:4
Ossuary (visited)          Bailey (visited)           IceCv (visited)
Volcano (visited)          WizLab (visited)         Gauntlet (visited)

Altars:
Elyvilon
Fedhas
Makhleb
Okawaru
Uskayaw
Wu Jian
Xom
Zin
The Shining One
Jiyva
Lugonu

Shops:
D:1 (   D:13 (   D:14 ?   Orc:2 [[=?[(*[   Elf:1 ?[[[   Elf:2 :?(   Elf:3 :
Shoals:4 [   Vaults:2 *   Depths:1 *   Depths:3 =?(

Portals:
Hell: Depths:1 Depths:2 Depths:3 Depths:4
Abyss: Depths:1 Depths:3
Pandemonium: Depths:2
Ziggurat: Depths:3
Trove: Vaults:1 (show abyssal rune of Zot)

Annotations:
D:4 3 runed translucent doors, Xeneth's ghost, novice MiMo
D:9 exclusion: obsidian statue
Lair:1 1 runed translucent door, Gadrel's ghost, journeyman GrAM
Spider:2 2 transporters, Arachne; Xosikhlu's ghost, adept MiHu
Vaults:5 Mennas


Innate Abilities, Weirdness & Mutations

You are a living statue of rough stone.
Your actions are slow, but your melee attacks are powerful.
You are resistant to unholy torment.
Your maximum health is greatly increased.
You are immune to poison.
Your equipment is partially melded.
You are too large for most types of armour.
You have claws for hands.
Your natural rate of healing is unusually fast.
((You are covered in fur. (AC +1)))
((You have tough skin. (AC +1)))
Your body sometimes deteriorates upon taking damage.
Your magical capacity is low. (-10% MP)


Message History

An apocalypse crab comes into view.
You spin and attack the tyrant leech.
You claw the tyrant leech!
The tyrant leech is lightly wounded.
You spin and attack the small abomination.
You eviscerate the small abomination!!!
You destroy the small abomination!
The Council accepts your kill.
You spin and attack the thrashing horror repeatedly.
You barely miss the thrashing horror. x2
You block the thrashing horror's attack. x3
The thrashing horror tramples you but does no damage.
You block the thrashing horror's attack.
The thrashing horror tramples you but does no damage.
The thrashing horror barely misses you.
The thrashing horror closely misses you.
The smoke demon gestures at you.
The sticky flame hits you but does no damage.
You are covered in liquid flames!
A wretched star comes into view.
The thrashing horror completely misses you.
The thrashing horror barely misses you. You block the tyrant leech's attack.
Blink to where?
Press: ? - help, Dir - move target, f - wretched star
Aim: a wretched star (wandering, hasn't noticed you)
Okay, then.
Press: ? - help, . - travel You can't see that place. [the floor.]
You mangle the ancient zyme!!
The ancient zyme is severely damaged.
You are covered in liquid flames!
You block the thrashing horror's attack. x4
The thrashing horror closely misses you.
The thrashing horror tramples you.
* * * LOW HITPOINT WARNING * * *
You hold your ground!
The ancient zyme hits you but does no damage.
You block the ancient zyme's attack.
A starcursed mass splits.
A chorus of shrieks assaults your mind.
You die...

! ... () (# (#
#.... # ..#.#
.# . .... .
#..w.# $. . .
## .##.# .#
... ##
†..#.###.###X.
...##††.
#.w..#X.X...
....... ..
.###..##
......
.##†.#wX# .
.... #.#hX8##
. .. #
####.x.5X#
...... ..
#..#3X.#..#. .
.## . #
#..3#..h.##..
#### ##
#...###..#h. #
..... #.# x.
t>.#.# #. #
..... ..


You could see 2 starcursed masses, a tyrant leech, an ancient zyme, 3 thrashing
horrors, a smoke demon, 2 raiju, a ynoxinul and a quasit.

Vanquished Creatures
  A juggernaut (Depths:2)
  Josephina (Depths:1)
  Margery (Depths:4)
  Bai Suzhen (Depths:2)
  Saint Roka (Vaults:1)
  Jory (Vaults:4)
  A caustic shrike (Depths:2)
  6 golden dragons
  A bone dragon (Depths:4)
  2 hellephants (Depths:4)
  5 tentacled monstrosities
  Rupert (Lair:4)
  Mlioglotl (Shoals:2)
  2 deep elf master archers (Elf:3)
  2 walking divine tomes (Depths:2)
  2 liches
  A tentacled starspawn (Abyss:2)
  3 deep elf blademasters
  A kraken (Shoals:4)
  An eldritch tentacle (WizLab)
  Polyphemus (Shoals:2)
  Donald (Spider:2)
  3 sphinxes
  A shadow dragon (Depths:2)
  Ilsuiw (Shoals:2)
  5 tengu reavers
  Roxanne (D:15)
  7 fire giants
  5 deep elf sorcerers
  6 emperor scorpions
  3 frost giants
  Aizul (D:13)
  13 vault wardens
  8 ghost moths
  2 draconian shifters (WizLab)
  A draconian stormcaller (Depths:4)
  A juggernaut zombie (D:15)
  A spriggan defender (Depths:3)
  The ghost of ThatPearl the Frost Mage, a journeyman DgIE (D:12)
  4 deep elf elementalists (Elf:3)
  15 very ugly things
  A draconian annihilator (Depths:4)
  14 ironbound preservers
  11 stone giants
  5 deep elf demonologists (Elf:3)
  5 ironbound thunderhulks
  3 broodmothers
  2 vampire knights
  3 green draconians (Depths:4)
  A minotaur (Gauntlet)
  Azrael (D:15)
  A war gargoyle (Vaults:4)
  An elemental wellspring (Shoals:1)
  5 spark wasps
  2 yellow draconians
  A purple draconian (Depths:4)
  A white draconian (Depths:4)
  2 black draconians (Depths:4)
  8 deep elf annihilators
  8 dire elephants
  5 entropy weavers
  3 deep elf death magi (Elf:3)
  8 fire dragons
  6 merfolk javelineers
  8 ettins
  2 jiangshi (Depths:1)
  10 yaktaur captains
  4 great orbs of eyes
  11 merfolk impalers
  A deep elf high priest (Elf:1)
  A green death (Abyss:4)
  A crystal guardian (Vaults:4)
  A spriggan zombie (D:15)
  Fannar (Orc:1)
  10 boulder beetles
  5 ice dragons
  4 rakshasas
  11 ironbound frosthearts
  3 merfolk avatars
  Erolcha (D:13)
  An ogre mage (D:13)
  13 vault guards
  2 peacekeepers (Vaults:4)
  2 radroaches
  12 centaur warriors
  8 hydras
  4 catoblepae
  6 spriggan air magi
  A jorogumo (Spider:2)
  5 merfolk aquamancers
  9 two-headed ogres
  11 hell hogs (Depths:4)
  5 satyrs
  4 deep troll shamans
  3 death knights
  32 dancing weapons
  2 tengu warriors
  14 death yaks
  An orc high priest (Orc:2)
  5 thrashing horrors
  5 spriggan berserkers
  3 vampire magi
  7 deep troll earth magi
  3 iron trolls
  A titan skeleton (Depths:2)
  A sun demon (WizLab)
  Urug (Lair:2)
  16 hell knights
  16 deep elf knights
  5 wretched stars
  A shadow wraith (Vaults:3)
  Lodul (D:13)
  6 skeletal warriors
  2 sixfirhies
  4 pharaoh ants
  28 deep trolls
  9 steelbarb worms
  A golden dragon zombie (D:15)
  3 flayed ghosts
  A spriggan rider (Depths:2)
  5 sea snakes
  A shadow dragon zombie (Depths:2)
  2 glowing orange brains
  15 orb spiders
  2 phantasmal warriors (D:15)
  8 deep elf archers
  13 lindwurms
  7 wizards
  Pikel (D:4)
  9 starcursed masses
  An obsidian statue (WizLab)
  16 ironbound convokers
  26 deep elf zephyrmancers
  8 orc knights
  22 deep elf pyromancers
  3 orc sorcerers (Orc:2)
  2 mana vipers (shapeshifter)
  20 harpies
  14 necromancers
  A will-o-the-wisp (Abyss:2)
  15 fauns
  37 slime creatures
  20 wolf spiders
  2 worldbinders (WizLab)
  26 ugly things
  7 cyclopes
  14 manticores
  7 black mambas
  10 elephants
  13 merfolk sirens
  2 stone giant skeletons
  15 vault sentinels
  A cane toad (shapeshifter) (Elf:2)
  2 frost giant skeletons
  An apocalypse crab (Abyss:4)
  A guardian serpent (WizLab)
  7 water nymphs
  2 human skeletons (WizLab)
  A guardian serpent (shapeshifter) (Depths:4)
  An ice statue (IceCv)
  5 cane toads
  7 torpor snails
  25 large abominations
  3 centaur skeletons (D:13)
  A fire giant skeleton (WizLab)
  2 smoke demons
  2 unseen horrors
  44 yaktaurs
  A hellion (Abyss:4)
  A rime drake (Lair:4)
  A tormentor (WizLab)
  9 komodo dragons
  2 anaconda simulacra (IceCv)
  7 demonic crawlers
  14 ice devils (IceCv)
  6 freezing wraiths
  7 ancient zymes
  A guardian mummy (D:15)
  A tengu conjurer (Depths:4)
  A hellwing (WizLab)
  A red devil (WizLab)
  33 merfolk
  3 trolls
  A queen bee (Lair:2)
  2 tyrant leeches (Abyss:4)
  6 meliai (D:15)
  8 wind drakes
  10 polar bears
  5 hornets
  A tengu simulacrum (Vaults:4)
  24 tarantellas
  16 blink frogs
  7 saltlings (Orc:2)
  12 raiju
  11 dream sheep
  13 snapping turtles
  18 culicivoras
  18 water elementals
  Sigmund (D:2)
  3 centaur simulacra (Gauntlet)
  A shadow (D:11)
  2 wraiths
  3 air elementals
  4 wyverns
  An elf zombie (Vaults:4)
  37 jumping spiders
  4 spriggans
  Eustachio (D:4)
  63 yaks
  3 ynoxinuls
  7 fire elementals
  7 basilisks
  5 chaos spawn
  46 redbacks
  2 neqoxecs
  8 death yak simulacra (IceCv)
  3 steam dragons
  8 vampire mosquitoes (D:12)
  A harpy simulacrum (IceCv)
  4 wargs (Lair:5)
  Edmund (D:5)
  18 small abominations
  3 spatial vortices (WizLab)
  An acid dragon (D:11)
  10 water moccasins
  A demonspawn skeleton (Abyss:2)
  2 hydra simulacra (IceCv)
  23 orc warriors
  A floating eye (Depths:3)
  21 hell hounds
  A sky beast (D:6)
  An ice beast (D:7)
  12 black bears
  8 boggarts
  17 ogres
  38 wolves
  28 centaurs
  4 lemures (D:4)
  9 bullfrogs
  2 kobold brigands
  A gnoll sergeant (D:9)
  2 scorpions (D:7)
  2 earth elementals
  3 necrophages
  7 cane toad simulacra
  7 wights
  A hornet simulacrum (Gauntlet)
  39 killer bees
  An elephant simulacrum (IceCv)
  4 electric eels
  5 howler monkeys
  A quasit (WizLab)
  4 jellies
  10 orc priests
  2 gnoll boudas
  6 hounds
  A human zombie (Ossuary)
  3 iron imps
  Crazy Yiuf (D:2)
  19 orc wizards
  6 iguanas
  2 spriggan simulacra
  4 polar bear simulacra (IceCv)
  A boggart skeleton (D:13)
  A troll simulacrum (IceCv)
  A wolf simulacrum (IceCv)
  4 mummies (Ossuary)
  Robin (D:2)
  5 adders
  15 gnolls
  A naga simulacrum (IceCv)
  A shadow imp (D:6)
  4 white imps
  4 ufetubi
  A worm (D:3)
  2 dart slugs
  82 orcs
  6 ball pythons
  4 bats
  8 endoplasms
  A giant cockroach (D:1)
  17 goblins
  8 hobgoblins
  2 jackals (D:2)
  3 quokkas
  A frilled lizard (D:3)
  A gnoll zombie (Ossuary)
  3 goblin zombies
  12 kobolds
  A kobold zombie (Ossuary)
  3 orc zombies (Ossuary)
  A quokka zombie (D:5)
  8 rats
  A lurking horror (Abyss:2)
1979 creatures vanquished.

Vanquished Creatures (collateral kills)
  A vault guard (Vaults:5)
  A chaos spawn (Abyss:4)
2 creatures vanquished.

Vanquished Creatures (others)
  A tentacled starspawn (Abyss:4)
  An ironbound preserver (Vaults:1)
  A spriggan berserker (Depths:2)
  A tarantella (Spider:3)
  A culicivora (Spider:4)
  An orc wizard (D:13)
  2 foxfires (Abyss:2)
  6 fungi
  53 plants
  15 starspawn tentacles
  8 tentacles (Shoals:4)
  14 withered plants
104 creatures vanquished.

Grand Total: 2085 creatures vanquished

Notes
Turn   | Place    | Note
-------+----------+-------------------------------------------
     0 | D:1      | LustLizard the Troll Monk began the quest for the Orb.
     0 | D:1      | Reached XP level 1. HP: 22/22 MP: 0/0
   124 | D:1      | Reached XP level 2. HP: 29/29 MP: 1/1
   372 | D:1      | Reached skill level 1 in Throwing
   402 | D:1      | Found Goeb's Weapon Boutique.
   921 | D:1      | Reached skill level 4 in Unarmed Combat
   921 | D:1      | Reached XP level 3. HP: 25/36 MP: 2/2
  1067 | D:2      | Reached XP level 4. HP: 43/44 MP: 3/3
  1128 | D:2      | Noticed Sigmund
  1348 | D:2      | Noticed Robin
  1389 | D:2      | Killed Robin
  1481 | D:2      | Found a faded altar of an unknown god.
  1605 | D:2      | Found a runed translucent door.
  1606 | D:2      | Noticed Crazy Yiuf
  1882 | D:3      | Reached skill level 5 in Unarmed Combat
  2071 | D:3      | Reached XP level 5. HP: 50/50 MP: 4/4
  2497 | D:4      | Found a runed translucent gate.
  2497 | D:4      | Found a runed translucent gate.
  2498 | D:4      | Found a runed translucent gate.
  2503 | D:4      | Noticed Xeneth's ghost (novice MiMo)
  2724 | D:4      | Noticed a lemure
  2724 | D:4      | Noticed a lemure
  2724 | D:4      | Noticed a lemure
  2724 | D:4      | Noticed a lemure
  2773 | D:4      | Killed a lemure
  2839 | D:4      | Noticed Pikel
  2990 | D:4      | Reached XP level 6. HP: 59/59 MP: 5/5
  3365 | D:5      | Entered Level 5 of the Dungeon
  3402 | D:5      | Reached skill level 6 in Unarmed Combat
  3413 | D:5      | Noticed Edmund
  3617 | D:5      | Killed Edmund
  3618 | D:5      | Reached XP level 7. HP: 48/66 MP: 3/6
  3693 | D:5      | Found a sand-covered staircase.
  3713 | Ossuary  | Entered an ossuary
  3732 | Ossuary  | Reached skill level 7 in Unarmed Combat
  4384 | D:2      | Killed Sigmund
  4475 | D:2      | Killed Crazy Yiuf
  4578 | D:4      | Killed Pikel
  4579 | D:4      | Reached skill level 8 in Unarmed Combat
  4579 | D:4      | Reached XP level 8. HP: 78/78 MP: 5/7
  4622 | D:4      | Noticed Eustachio
  4645 | D:4      | Killed Eustachio
  4884 | D:6      | Reached skill level 9 in Unarmed Combat
  4938 | D:6      | Found a white marble altar of Elyvilon.
  5023 | D:6      | Reached XP level 9. HP: 69/85 MP: 6/8
  5462 | D:6      | Reached skill level 5 in Fighting
  5462 | D:6      | Reached skill level 5 in Dodging
  5672 | D:7      | Found a flagged portal.
  5722 | D:7      | Paralysed by a hornet for 2 turns
  5728 | D:7      | Reached skill level 10 in Unarmed Combat
  5826 | D:7      | Found a blossoming altar of Fedhas.
  5896 | Bailey   | Entered a bailey
  6264 | Bailey   | Reached skill level 11 in Unarmed Combat
  6418 | Bailey   | Reached XP level 10. HP: 45/98 MP: 4/9
  6687 | Bailey   | Acquired the +9 kite shield of Makhleb's Envy {rCorr Str-4
                  | Slay+2}
  7119 | D:7      | Found a staircase to the Ecumenical Temple.
  7176 | D:8      | Reached skill level 1 in Shields
  7392 | D:8      | Noticed a death yak
  7393 | D:8      | Found a staircase to the Lair.
  7393 | D:8      | Noticed a death yak
  7393 | D:8      | Noticed a death yak
  7393 | D:8      | Noticed a death yak
  7398 | D:8      | Noticed a death yak
  7451 | Temple   | Entered the Ecumenical Temple
  7468 | Temple   | Became a worshipper of the Wu Jian Council
  7468 | Temple   | Reached * piety under Wu Jian
  7468 | Temple   | Reached ** piety under Wu Jian
  7683 | D:8      | Killed a death yak
  7684 | D:8      | Reached skill level 12 in Unarmed Combat
  7693 | D:8      | Killed a death yak
  7703 | D:8      | Killed a death yak
  7708 | D:8      | Killed a death yak
  7709 | D:8      | Reached XP level 11. HP: 61/107 MP: 3/10
  7719 | D:8      | Killed a death yak
  8048 | D:9      | Identified the +6 mace of Deelitt {speed, rCorr Str+3}
  8123 | D:9      | Noticed a purple ugly thing
  8127 | D:9      | Killed a purple ugly thing
  8161 | D:9      | Reached skill level 13 in Unarmed Combat
  8264 | D:9      | Reached *** piety under Wu Jian
  8386 | D:9      | Noticed an obsidian statue
  8511 | D:9      | Noticed a sun demon
  8704 | D:10     | Entered Level 10 of the Dungeon
  8855 | D:10     | Found a staircase to the Orcish Mines.
  9729 | D:11     | Noticed a purple ugly thing
  9738 | D:11     | Killed a purple ugly thing
  9787 | D:11     | Reached skill level 5 in Shields
  9936 | D:11     | Reached XP level 12. HP: 110/119 MP: 9/11
  9940 | D:11     | Reached **** piety under Wu Jian
  9941 | D:11     | Reached skill level 14 in Unarmed Combat
 10345 | Lair:1   | Entered Level 1 of the Lair of Beasts
 10452 | Lair:1   | Found a gate leading to a gauntlet.
 10577 | Lair:1   | Found a runed translucent door.
 10578 | Lair:1   | Found a shimmering altar of Xom.
 10578 | Lair:1   | Noticed Gadrel's ghost (journeyman GrAM)
 10630 | Gauntlet | Entered a Gauntlet
 10630 | Gauntlet | Found a transporter.
 10630 | Gauntlet | Found a transporter.
 10632 | Gauntlet | Found a transporter.
 10641 | Gauntlet | Found a runed translucent door.
 10644 | Gauntlet | Found a transporter.
 10645 | Gauntlet | Found a transporter.
 10649 | Gauntlet | Found a runed translucent door.
 10651 | Gauntlet | Found a runed translucent door.
 10661 | Gauntlet | Found a transporter.
 10664 | Gauntlet | Found a transporter.
 10672 | Gauntlet | Found a transporter.
 10690 | Gauntlet | Found a transporter.
 10705 | Gauntlet | Noticed an entropy weaver
 10709 | Gauntlet | Found a transporter.
 10710 | Gauntlet | Found a transporter.
 10729 | Gauntlet | Found a transporter.
 10864 | Gauntlet | Identified the amulet of Hozaniy {Reflect +Inv Fly rCorr
                  | Dex+3 SH+5}
 10973 | Gauntlet | Killed an entropy weaver
 11103 | Gauntlet | Identified the ring of the Trilobite {Ice Str+4}
 11108 | Gauntlet | Identified the +8 morningstar "Jaggio" {vorpal, rC+ Str+6}
 11108 | Gauntlet | Noticed a minotaur
 11119 | Gauntlet | Killed a minotaur
 11120 | Gauntlet | Reached skill level 1 in Evocations
 11493 | Lair:2   | Noticed Urug
 11505 | Lair:2   | Killed Urug
 11524 | Lair:2   | Found a staircase to the Shoals.
 11717 | Lair:2   | Found a hole to the Spider Nest.
 11754 | Lair:2   | Found a frozen archway.
 11804 | Lair:2   | Reached ***** piety under Wu Jian
 11822 | Lair:2   | Reached skill level 15 in Unarmed Combat
 11844 | IceCv    | Entered an ice cave
 12203 | IceCv    | Found an ancient bone altar of Kikubaaqudgha.
 12234 | IceCv    | Reached XP level 13. HP: 110/130 MP: 12/12
 13073 | Lair:2   | You are sucked into a shaft and drop 1 floor!
 13532 | Lair:3   | Found an iron altar of Okawaru.
 13994 | Lair:4   | Reached ****** piety under Wu Jian
 14014 | Lair:4   | Reached skill level 16 in Unarmed Combat
 14079 | Lair:4   | Found a viscous altar of Jiyva.
 14079 | Lair:4   | Found a staircase to the Slime Pits.
 14209 | Lair:4   | Noticed Rupert
 14229 | Lair:4   | Killed Rupert
 14298 | Lair:4   | Found a dark tunnel.
 14307 | Volcano  | Entered a volcano
 14386 | Volcano  | Reached XP level 14. HP: 139/140 MP: 13/13
 14997 | Lair:5   | Entered Level 5 of the Lair of Beasts
 15567 | Lair:5   | Reached skill level 10 in Fighting
 15602 | Lair:5   | Reached skill level 17 in Unarmed Combat
 15602 | Lair:5   | Reached skill level 5 in Evocations
 16788 | D:12     | Found a runed translucent door.
 16789 | D:12     | Noticed ThatPearl's ghost (journeyman DgIE)
 16866 | D:12     | Reached XP level 15. HP: 152/152 MP: 14/14
 17418 | D:12     | Killed ThatPearl's ghost
 17422 | D:12     | Got the Directory of the Mortuary and the Storm
 17490 | D:13     | Identified the +2 leather armour of Qic Tusa {Fly rCorr
                  | Str-2 SInv}
 17536 | D:13     | Noticed Lodul
 17550 | D:13     | Killed Lodul
 17679 | D:13     | Noticed Erolcha
 17682 | D:13     | Killed Erolcha
 17734 | D:13     | Found Repip's Antique Weapon Shoppe.
 17826 | D:13     | Reached skill level 18 in Unarmed Combat
 17896 | D:13     | Identified the +4 ring mail of a Thousand Yaks {rPois}
 17972 | D:13     | Paralysed by an ogre mage for 4 turns
 18012 | D:13     | Found a gate to the Vaults.
 18302 | D:14     | Found Vuobe's Magic Scroll Boutique.
 18356 | Abyss:2  | Cast into level 2 of the Abyss (a wizard)
 18583 | Abyss:2  | HP: 6/153 [ancient zyme (10)]
 18767 | Abyss:2  | Noticed a tentacled starspawn
 18782 | Abyss:2  | Killed a tentacled starspawn
 18787 | Abyss:2  | HP: 6/153 [rakshasa/+0 trident of freezing (13)]
 18801 | Abyss:2  | Reached skill level 10 in Shields
 18817 | Abyss:2  | Noticed a tentacled starspawn
 18823 | Abyss:2  | Noticed a tentacled starspawn
 19068 | D:14     | Escaped the Abyss
 19213 | D:14     | Found an iron altar of Okawaru.
 19350 | Orc:1    | Entered Level 1 of the Orcish Mines
 19350 | Orc:1    | Noticed Fannar
 19363 | Orc:1    | Killed Fannar
 19484 | Orc:2    | Entered Level 2 of the Orcish Mines
 19547 | Orc:2    | Found Keck's Jewellery Emporium.
 19553 | Orc:2    | Found Harhi's Magic Scroll Boutique.
 19609 | Orc:2    | Found a staircase to the Elven Halls.
 19617 | Orc:2    | Found Ecufuhiu's Antique Armour Shoppe.
 19628 | Orc:2    | Found Jougew Qelo's Antique Armour Shoppe.
 19766 | Orc:2    | Found Hyamafor's Assorted Antiques.
 20017 | Orc:2    | Found Isha's Antique Weapon Shop.
 20032 | Orc:2    | Reached XP level 16. HP: 112/153 MP: 15/15
 20074 | Orc:2    | Reached skill level 19 in Unarmed Combat
 20116 | Orc:2    | Found Enemis's Book Shop.
 20161 | Orc:2    | Found Muzuli's Armour Emporium.
 20410 | Orc:2    | Found Duemis's Antique Armour Boutique.
 20459 | Orc:2    | Bought +0 swamp dragon scales for 500 gold pieces
 20531 | Orc:2    | Bought the ring "Kuponuq" {rN+ EV+4 Int+5} for 807 gold
                  | pieces
 20537 | Orc:2    | Bought a scroll of blinking for 97 gold pieces
 20680 | D:14     | Bought a scroll of summoning for 123 gold pieces
 20680 | D:14     | Bought a scroll of blinking for 97 gold pieces
 21212 | D:15     | Entered Level 15 of the Dungeon
 21261 | D:15     | Noticed Azrael
 21281 | D:15     | Killed Azrael
 21443 | D:15     | Noticed Roxanne
 21744 | D:15     | Found a staircase to the Depths.
 22369 | D:15     | Found a burning altar of Makhleb.
 22511 | D:15     | Killed Roxanne
 22522 | D:15     | Learned a level 6 spell: Statue Form
 22775 | Shoals:1 | Entered Level 1 of the Shoals
 22922 | Shoals:1 | Reached skill level 1 in Earth Magic
 22964 | Shoals:1 | Reached skill level 1 in Transmutations
 23159 | Shoals:1 | Reached skill level 20 in Unarmed Combat
 23771 | Shoals:2 | Identified the ring of Boogefieh {rF+ rC+ Will+ MP-9 Int+3}
 24219 | Shoals:2 | Noticed Polyphemus
 24230 | Shoals:2 | Reached XP level 17. HP: 148/172 MP: 7/16
 24238 | Shoals:2 | Killed Polyphemus
 24327 | Shoals:2 | Noticed Ilsuiw
 24338 | Shoals:2 | Noticed Mlioglotl
 24574 | Shoals:2 | Identified the +1 plate armour of Limitation {rN+}
 24703 | Shoals:2 | Gained mutation: Your body sometimes deteriorates upon
                  | taking damage. [a neqoxec]
 24705 | Shoals:2 | Killed Mlioglotl
 25325 | Shoals:2 | Killed Ilsuiw
 25970 | Shoals:3 | Reached skill level 5 in Earth Magic
 26711 | Shoals:4 | Entered Level 4 of the Shoals
 26980 | Shoals:4 | Got a barnacled rune of Zot
 27199 | Shoals:4 | Found Lyakoade's Armour Emporium.
 27435 | Shoals:4 | Reached skill level 5 in Transmutations
 27655 | Shoals:4 | Noticed a kraken
 27672 | Shoals:4 | Killed a kraken
 28368 | Lair:2   | HP: 2/175 [15-headed hydra (8)]
 28904 | Spider:1 | Entered Level 1 of the Spider Nest
 28928 | Spider:1 | Reached XP level 18. HP: 163/184 MP: 8/17
 29339 | Spider:1 | Reached skill level 21 in Unarmed Combat
 29548 | Spider:1 | Got Sif Muna's Codex of Shifting Orientation
 29946 | Spider:2 | HP: 9/184 [something (7)]
 30508 | Spider:2 | Found a transporter.
 30606 | Spider:2 | Noticed Donald
 30620 | Spider:2 | Killed Donald
 30891 | Spider:2 | Noticed Xosikhlu's ghost (adept MiHu)
 30926 | Spider:2 | Found a transporter.
 30974 | Spider:2 | Noticed Arachne
 32921 | Spider:4 | Entered Level 4 of the Spider Nest
 33674 | Spider:4 | Reached skill level 1 in Spellcasting
 33796 | Spider:4 | Identified the +0 pair of boots of Philately {rN+ Int+2}
 33979 | Spider:4 | Reached XP level 19. HP: 145/193 MP: 1/19
 33983 | Spider:4 | Got a gossamer rune of Zot
 34492 | Vaults:1 | Entered Level 1 of the Vaults
 34497 | Vaults:1 | Found a portal to a secret trove of treasure.
 35081 | Vaults:1 | Noticed Aizul
 35082 | Vaults:1 | Reached skill level 10 in Earth Magic
 35268 | D:13     | Killed Aizul
 35967 | Vaults:1 | Acquired 1089 gold pieces
 36231 | Vaults:1 | Paralysed by a great orb of eyes for 5 turns
 37271 | Vaults:1 | Noticed Saint Roka
 37346 | Vaults:1 | Killed Saint Roka
 37919 | Vaults:2 | Found Tecenluz's General Store.
 38244 | Vaults:2 | Bought a scroll of enchant armour for 82 gold pieces
 38244 | Vaults:2 | Bought the +3 crown of Dyrovepreva {rElec Int+2 SInv} for
                  | 455 gold pieces
 38244 | Vaults:2 | Found the +3 crown of Dyrovepreva {rElec Int+2 SInv}
 38244 | Vaults:2 | Bought a potion of invisibility for 88 gold pieces
 38367 | Vaults:2 | Reached XP level 20. HP: 133/202 MP: 15/24
 38427 | Vaults:2 | Identified the +3 trident of the Ghost {vorpal, rC+ Int+4}
 39005 | Vaults:2 | Reached skill level 10 in Transmutations
 40998 | Vaults:3 | Found a staircase to the Crypt.
 41490 | Vaults:4 | Identified the +12 morningstar of Articulation {vorpal,
                  | *Noise Str+4}
 41877 | Vaults:4 | Identified the +5 ring mail of Shadows and Fog {Harm
                  | Rampage}
 41881 | Vaults:4 | Noticed Jory
 42366 | Vaults:4 | Killed Jory
 43178 | Depths:1 | Entered Level 1 of the Depths
 43545 | Depths:1 | Found Desycist's Assorted Antiques.
 43553 | Depths:1 | Found a gateway to Hell.
 44058 | Depths:1 | Reached XP level 21. HP: 203/210 MP: 16/25
 44110 | Depths:1 | Bought a potion of haste for 450 gold pieces
 44110 | Depths:1 | Bought a potion of resistance for 450 gold pieces
 44131 | Depths:1 | Found a white marble altar of Elyvilon.
 44132 | Depths:1 | Found a glowing golden altar of the Shining One.
 44136 | Depths:1 | Found a glowing silver altar of Zin.
 44224 | Depths:1 | Found a corrupted altar of Lugonu.
 44224 | Depths:1 | Found a one-way gate to the infinite horrors of the Abyss.
 44429 | Depths:2 | Identified the ring of Maezagui {Ice rElec rPois rN+ MP-9
                  | Str+4}
 44429 | Depths:2 | Noticed Josephina
 44454 | Depths:1 | Killed Josephina
 44750 | Depths:2 | Found a magical portal.
 44820 | Depths:2 | Noticed Bai Suzhen
 44859 | Depths:2 | Killed Bai Suzhen
 44898 | WizLab   | Entered The Roulette of Golubria
 44898 | WizLab   | Found a transporter.
 44905 | WizLab   | Found a corrupted altar of Lugonu.
 44957 | WizLab   | Found a transporter.
 44997 | WizLab   | Found a transporter.
 45015 | WizLab   | Found a transporter.
 45052 | WizLab   | Found a transporter.
 45180 | WizLab   | Found a transporter.
 45234 | WizLab   | Found the +2 cloak of the Thief {*Fog Slay-2 SInv Stlth+}
 45284 | WizLab   | Found a transporter.
 45329 | WizLab   | Found a transporter.
 45375 | WizLab   | Found a transporter.
 45400 | WizLab   | Found a transporter.
 45466 | WizLab   | Found a transporter.
 45476 | WizLab   | Found a transporter.
 45545 | WizLab   | Found a transporter.
 45545 | WizLab   | Found a transporter.
 45567 | WizLab   | Found a corrupted altar of Lugonu.
 45614 | WizLab   | Found a transporter.
 45614 | WizLab   | Found a transporter.
 45688 | WizLab   | Found a transporter.
 45765 | WizLab   | Found a transporter.
 45766 | WizLab   | Found a transporter.
 45782 | WizLab   | Got Xome's Precepts of the Map
 45926 | WizLab   | Identified the +1 cloak "Kinir" {Rampage Int+2 Stlth+}
 46240 | Depths:2 | Reached skill level 15 in Earth Magic
 46461 | Depths:2 | Found a one-way gate leading to the halls of Pandemonium.
 46625 | Depths:2 | Noticed a golden dragon
 46632 | Depths:2 | Killed a golden dragon
 46712 | Depths:2 | Noticed a juggernaut
 46712 | Depths:2 | Noticed a caustic shrike
 46724 | Depths:2 | Killed a caustic shrike
 46728 | Depths:2 | Killed a juggernaut
 46948 | Depths:2 | Noticed a golden dragon
 46950 | Depths:2 | Noticed a golden dragon
 46955 | Depths:2 | Killed a golden dragon
 46963 | Depths:2 | Killed a golden dragon
 47033 | Depths:2 | Identified the +2 whip "Ozxoa" {freeze, Int+6 Stlth-}
 47034 | Depths:2 | Got the Compilation of the Venomous Snowflakes
 47307 | Depths:3 | Found a one-way gateway to a ziggurat.
 47323 | Depths:3 | Acquired 911 gold pieces
 47641 | Depths:3 | Found Zouss's Jewellery Shoppe.
 47643 | Depths:3 | Found Oraoseze's Magic Scroll Emporium.
 47646 | Depths:3 | Found Neonnom's Antique Weapon Shoppe.
 47651 | Depths:3 | Bought a scroll of fear for 72 gold pieces
 47651 | Depths:3 | Bought a scroll of teleportation for 54 gold pieces
 47651 | Depths:3 | Bought a scroll of teleportation for 54 gold pieces
 47702 | Depths:3 | Found a hide-covered altar of Uskayaw.
 47991 | Depths:3 | Paralysed by a floating eye for 3 turns
 48093 | Depths:3 | Reached XP level 22. HP: 219/219 MP: 17/26
 48138 | Depths:3 | Noticed a golden dragon
 48156 | Depths:3 | Killed a golden dragon
 48209 | Depths:3 | Identified the +4 dagger of Descent {drain, rF- Will+++
                  | MP+9 Int-2}
 48380 | Depths:4 | Entered Level 4 of the Depths
 48728 | Depths:4 | Found a gate to the Realm of Zot.
 48728 | Depths:4 | Noticed a golden dragon
 48728 | Depths:4 | Noticed a golden dragon
 48732 | Depths:4 | Killed a golden dragon
 48734 | Depths:4 | Killed a golden dragon
 49132 | Depths:4 | Noticed Margery
 49145 | Depths:4 | Killed Margery
 49273 | Depths:4 | Reached skill level 1 in Armour
 49373 | Depths:4 | Reached skill level 10 in Dodging
 50074 | Elf:1    | Entered Level 1 of the Elven Halls
 50074 | Elf:1    | Found Igraum's Antique Armour Boutique.
 50322 | Elf:1    | Paralysed by an air elemental for 1 turns
 50331 | Elf:1    | Found Kawit's Magic Scroll Shoppe.
 50344 | Elf:1    | Bought a scroll of blinking for 112 gold pieces
 50344 | Elf:1    | Bought 3 scrolls of teleportation for 135 gold pieces
 50477 | Elf:1    | Found Rosucva's Armour Shoppe.
 50478 | Elf:1    | Found Monlae's Antique Armour Emporium.
 50863 | Elf:1    | Identified the +1 helmet "Gawky" {rF+ Regen+}
 50898 | Elf:2    | Found Meuluf's Magic Scroll Shop.
 50938 | Elf:2    | Bought a scroll of teleportation for 51 gold pieces
 50938 | Elf:2    | Bought a scroll of magic mapping for 127 gold pieces
 50938 | Elf:2    | Bought a scroll of summoning for 161 gold pieces
 50938 | Elf:2    | Bought a scroll of blinking for 127 gold pieces
 50987 | Elf:2    | Paralysed by an air elemental for 1 turns
 50992 | Elf:2    | Paralysed by an air elemental for 1 turns
 51222 | Elf:2    | Found Jigexkiete's Book Shop.
 51368 | Elf:2    | Found Meni Gae's Weapon Emporium.
 51392 | Elf:2    | Found a huge runed translucent gate.
 51392 | Elf:2    | Found a huge runed translucent gate.
 51392 | Elf:2    | Found a huge runed translucent gate.
 51392 | Elf:2    | Found a huge runed translucent gate.
 51397 | Elf:2    | Found a huge runed translucent gate.
 51802 | Elf:2    | Reached XP level 23. HP: 228/228 MP: 12/27
 51988 | Elf:3    | Entered Level 3 of the Elven Halls
 52086 | Elf:3    | Reached skill level 15 in Transmutations
 52264 | Elf:3    | Found a runed translucent door.
 52484 | Elf:3    | Gained mutation: Your magical capacity is low. (-10% MP) [a
                  | neqoxec]
 52724 | Elf:3    | Identified the +8 morningstar of Ibin {flame, rC+ Str+3
                  | Stlth+}
 52799 | Elf:3    | Identified the +7 long sword "Engac" {venom, rElec rPois
                  | rC+ Str+2}
 52846 | Elf:3    | Identified the +0 ring mail of Noughts and Crosses {rPois
                  | rF+ Stlth+}
 52848 | Elf:3    | Got the Octavo of the Slorg
 52897 | Elf:3    | Identified the +6 great sword "Dyawn" {freeze, Fly Will-
                  | Dex+7}
 53037 | Elf:3    | Identified the +3 quick blade "Boczydi" {venom, *Rage rElec
                  | MP+9 Dex+4}
 53199 | Elf:3    | Found Hoozeq's Book Boutique.
 53574 | Vaults:5 | Entered Level 5 of the Vaults
 53574 | Vaults:5 | Noticed Mennas
 53578 | Abyss:3  | Found a corrupted altar of Lugonu.
 53578 | Abyss:3  | Cast into level 3 of the Abyss (vault guard)
 53690 | Abyss:4  | Found a corrupted altar of Lugonu.
 53734 | Abyss:4  | Found a corrupted altar of Lugonu.
 53859 | Abyss:4  | HP: 10/299 [small abomination (10)]
 53861 | Abyss:4  | Killed from afar by a starcursed mass

Illustrated notes

Levels and vault maps discovered:
D:1:      zelgadis_glass_arrival_small, layout_basic, serial_shops,
          nicolae_shop_bloodbath_and_beyond
D:2:      layout_basic, basic_ecumenical_altar, uniq_robin,
          uniq_crazy_yiuf_cottage, uniq_sigmund
D:3:      layout_basic, grunt_ministairs_9
D:4:      layout_basic, ebering_ghost_rock_garden, uniq_pikel, uniq_eustachio
D:5:      layout_basic, enter_ossuary_4, uniq_edmund
D:6:      layout_loops_ring, overflow_temple_1_default
D:7:      layout_rooms, marbit_many_paths, minmay_temple_entry_from_below_a,
          enter_bailey_6, eino_tiny_chamber, eino_tiny_chamber
D:8:      layout_basic, dpeg_lair_monsters
D:9:      nicolae_cairo_tiling, layout_rooms, minivault_15
D:10:     layout_loops_corners, orc_0_dummy, chequers_mini_garden
D:11:     layout_irregular_city, grunt_ministairs_14,
          minmay_misc_feat_more_columns
D:12:     layout_roguey, gammafunk_ghost_grave
D:13:     layout_rooms, hangedman_vaults_entry_quadrant_bands, serial_shops,
          shop_statue, uniq_lodul, uniq_erolcha
D:14:     layout_small_grid, serial_shops,
          nicolae_shop_competitors_out_of_business, okawaru_trees_2
D:15:     gammafunk_depths_entry_grave, layout_loops_ring, bloody_makhleb,
          grunt_ministairs_7, uniq_azrael, uniq_roxanne
Temple:   nicolae_temple_slightly_damp_pantheon
Lair:1:   layout_cave_shapes, gauntlet_entry_generic, ebering_ghost_xom,
          minivault_19, minivault_24
Lair:2:   layout_roguey [special_room_bee], minmay_shoals_entry_hut,
          spider_nest_entry_a, portal_ice_cave_entry_ice_simulacra,
          eino_small_chamber_without_monster, grunt_megastairs_4,
          serial_bayou_shore_b, uniq_urug
Lair:3:   layout_hall_layers, basic_altar, kennysheep_basilisk_garden
Lair:4:   layout_roguey, minmay_slime_entry_pillars, enter_volcano_3,
          kennysheep_catoblepas_arena, uniq_rupert
Lair:5:   hangedman_lair_caniforms_friends, layout_misc_corridors,
          grunt_megastairs_3, serial_bayou_shore_b, serial_bayou_shore_a
Shoals:1: layout_shoals, nicolae_shoals_spring_well_temple
Shoals:2: layout_shoals, nicolae_shoals_square_sea_wall, uniq_mlioglotl,
          uniq_ilsuiw, uniq_polyphemus
Shoals:3: cheibrodos_shoals_baths, layout_shoals
Shoals:4: shoals_end_grunt_ice, layout_shoals, serial_shops, shop_fountains,
          nicolae_shoals_land_atoll, nicolae_shoals_arrival_archipelago
Spider:1: layout_spider_delve, drop_trap
Spider:2: layout_spider_delve, nzn_ghost_randoct, uniq_donald
Spider:3: layout_spider_delve
Spider:4: guppyfry_spider_rune, nicolae_spider_checkerboard
Orc:1:    layout_diamond_mine, basic_altar, serial_shops, uniq_fannar,
          uniq_maurice
Orc:2:    hellmonk_orc_salted, layout_diamond_mine, serial_shops,
          nicolae_shop_advertising_works [nicolae_subvault_shop_adworks],
          nicolae_square_shop, shop_fountains, shop, shop, basic_altar
Elf:1:    layout_loops_ring, serial_shops, shop_statue, nicolae_shop_crystal,
          shop, nicolae_shop_statue_plus, kennysheep_underground_church,
          laboratory
Elf:2:    elven_hall_of_blades_hangedman_alternative [grunt_blade_entry_basic],
          layout_geoelf_grid, serial_shops, shop, nicolae_lakefront_shop,
          nicolae_square_shop
Elf:3:    grunt_elf_hall_branching, layout_geoelf_castle, serial_shops, shop,
          nicolae_danse_macabre
Vaults:1: hangedman_vaults_corner_blocks, hangedman_vaults_maws,
          grunt_vaults_funnel, dpeg_vaults_pockets_of_resistance,
          nicolae_vaults_big_ls, vaults_room_hallway, v_misc_10,
          nicolae_vaults_gold_heap, hangedman_vaults_stream,
          grunt_vaults_hallway_long, nicolae_vaults_little_ls,
          hangedman_vaults_snaps, vaults_mumra_chevron_long,
          layout_vaults_omnicross, nicolae_trove_entry_free_sample,
          uniq_saint_roka, uniq_aizul
Vaults:2: hangedman_vaults_variations, hangedman_vaults_slither,
          ontoclasm_vaults_eye, v_misc_19, v_misc_4, ontoclasm_vaults_spin,
          nicolae_vaults_asterisk, layout_vaults_omnigrid, serial_shops,
          nicolae_shop_statue_plus
Vaults:3: nicolae_vaults_little_squares_5, v_misc_27, v_misc_15,
          vaults_dpeg_emergency_exit, blue_anna_dwarven_crypt,
          nicolae_vaults_border_crossing, layout_vaults_chaotic_city
Vaults:4: vaults_room_fours, nicolae_vaults_twisting_passages,
          ontoclasm_vaults_pinch, vaults_standard_mumra_enter_the_diamond,
          nicolae_vaults_alarming, nicolae_vaults_hallways_thing,
          vaults_room_door_ring, v_pattern_4, v_misc_12,
          vaults_room_hangedman_quadrants, vaults_room_ringed_pool,
          grunt_vaults_diagonal, ontoclasm_vaults_ring_small,
          vaults_room_semicircle, vaults_dpeg_cross, layout_vaults_ring,
          uniq_jory
Vaults:5: uniq_mennas
Depths:1: layout_cave_pools, good_gods_temple_1, serial_shops,
          nicolae_shop_competitors_out_of_business, abyss_entry_flame_altar,
          pf_vacation_house_of_asmodeus, minivault_12
Depths:2: minmay_rotating_shell, layout_cave_pools, mu_enter_wizlab_2,
          pan_entry, hell_entry, nicolae_fountain_basement, uniq_josephina,
          uniq_bai_suzhen
Depths:3: thingy_vault, layout_gridlike, enter_ziggurat_a, pf_coc_iceberg,
          lemuel_doored_altar, minmay_room_of_horrors, minmay_staircase_bubble,
          minmay_shop_star
Depths:4: grunt_x_marks_the_spot, layout_gridlike, grunt_hell_horde,
          minmay_misc_feat_x, uniq_margery
Abyss:4:  base: D:9, base: Lair:1, hangedman_decor_lopped,
          hangedman_decor_peaks_small, hangedman_stitches_earthworm,
          hangedman_abyss_monster_moat, due_evilmike_abyss_rune_seething_liches,
          bh_abyss_exit_choice

Skill      XL: |  1  2  3  4  5  6  7  8  9 10 11 12 13 14 15 16 17 18 19 20 21 22 23 |
---------------+----------------------------------------------------------------------+-----
Throwing       | 1 2 3 |  3.2
Unarmed Combat | 4 5 6 8 9 11 12 13 15 16 17 18 20 21 | 21.8
Fighting       | 4 5 6 7 8 9 10 11 12 13 | 13.8
Dodging        | 4 5 6 7 8 9 10 | 10.5
Shields        | 3 5 6 7 9 10 11 12 13 | 13.8
Evocations     | 2 4 5 7 |  7.1
Earth Magic    | 3 6 9 11 14 16 17 | 17.9
Transmutations | 2 5 7 9 11 13 14 15 | 15.2
Spellcasting   | 1 3 |  3.6
Armour         | 3 4 |  4.0
Stealth        | |  1.0

Action                   |  1- 3 |  4- 6 |  7- 9 | 10-12 | 13-15 | 16-18 | 19-21 | 22-24 || total
-------------------------+-------+-------+-------+-------+-------+-------+-------+-------++-------
Melee: Unarmed           |    55 |   177 |   262 |   732 |  1411 |  2047 |  2088 |   835 ||  7607
       Punch             |     2 |     2 |    16 |     2 |       |       |       |       ||    22
       Morningstar       |       |       |       |       |    15 |       |       |       ||    15
Throw: Dart              |     7 |       |    15 |     2 |     6 |       |       |       ||    30
       Stone             |     1 |     6 |    20 |    14 |       |       |       |       ||    41
       Boomerang         |       |       |    20 |     3 |       |    10 |     7 |     1 ||    41
       Javelin           |       |       |       |       |     2 |       |       |       ||     2
       Throwing net      |       |       |       |       |     1 |       |       |       ||     1
 Cast: Statue Form       |       |       |       |       |       |       |    12 |    20 ||    32
Invok: Lunge             |       |       |       |    34 |    78 |   119 |   109 |    56 ||   396
       Whirlwind         |       |       |       |    64 |   133 |   218 |   318 |    83 ||   816
       Heavenly Storm    |       |       |       |       |     2 |     2 |     4 |     1 ||     9
 Abil: Evoke Invisibilit |       |       |       |       |       |       |     1 |       ||     1
Evoke: Wand              |       |       |       |       |       |     6 |     8 |       ||    14
  Use: Scroll            |     1 |     5 |     3 |    16 |     5 |    13 |    13 |     3 ||    59
       Potion            |       |       |     3 |     4 |    26 |     6 |     2 |     1 ||    42
 Stab: Sleeping          |     1 |     1 |     5 |       |     3 |       |       |       ||    10
       Petrified         |       |       |       |       |     2 |       |       |       ||     2
       Invisible         |       |       |       |       |     1 |       |     5 |       ||     6
       Distracted        |       |       |       |       |     1 |       |       |       ||     1
Armor: Robe              |     8 |    32 |     3 |       |       |       |       |       ||    43
       Troll leather arm |       |       |    80 |    79 |   102 |     9 |       |       ||   270
       Skin              |       |       |       |       |    19 |     8 |   106 |   119 ||   252
       Swamp dragon scal |       |       |       |       |       |   335 |   243 |    60 ||   638
Dodge: Dodged            |    24 |    63 |   280 |   254 |   395 |   601 |   413 |   212 ||  2242
Block: Kite shield       |       |       |       |   493 |  1317 |  1968 |  1591 |   711 ||  6080
       Reflection        |       |       |       |       |    15 |   108 |    95 |    52 ||   270
